Unix NetHack Version 5.0.0-0 post-release - last build May 23 2026 06:08:33 (1c0ff79ee797540d5714e4e18072db0edd9e58ae,branch:main).

Game began 2026-05-25 12:25:56, ended 2026-05-25 12:42:00.

Atomicjoy, chaotic male elven Wizard

                       -----------
                       |.........|
                       |.........|
                      #-......<..|
                      #--------.--
                      #
                      #
                      ##
       ----------------%
       |)])![[.%!?.[%+|#
       |!/.(%)??*[[%[)|#
       |!%%.?![%[=%?..|#
       |!?.[!!)*b)*[..-@
       ----------------

Atomicjoy the Evoker      St:10 Dx:13 Co:15 In:19 Wi:9 Ch:10  Chaotic
Dlvl:5  $:51 HP:17(17) Pw:4(8) AC:8  Xp:1/17 T:1396  Blind

Latest messages:
 You see a cave spider drop out of your pack!
 You hit the large kobold.
 The housecat bites the cave spider.
 The cave spider is killed!
 The large kobold drinks a potion of extra healing!
 The large kobold looks much better.
 You swap places with your housecat.
 The housecat bites the large kobold.
 The large kobold thrusts her short sword at the housecat.
 The large kobold hits the housecat.
 "Hello, Atomicjoy!  Welcome again to Holmavik's general store!"
 There is an open door here.
 You see here a cave spider corpse.
 The housecat misses the large kobold.
 The housecat misses the large kobold.
 There is a cave spider corpse here; eat it? [ynq] (n) y
 This cave spider corpse is gamey.
 The housecat misses the large kobold.
 You finish eating the cave spider corpse.
 You swap places with your housecat.
 In what direction? 8
 The spell hits the large kobold!
 You kill the large kobold!
 U - a cursed short sword.
 You swap places with your housecat.
 "Hello, Atomicjoy!  Welcome again to Holmavik's general store!"
 What do you want to drop? [$a-kn-zA-OQS-U or ?*] X
 You don't have that object.
 What do you want to drop? [$a-kn-zA-OQS-U or ?*] U
 You drop a cursed short sword.
 Holmavik offers 5 gold pieces for your short sword.  Sell it? [ynaq] (n) y
 You sold a cursed short sword for 5 gold pieces.
 You see here a cursed short sword (for sale, 13 zorkmids).
 You do not owe Holmavik anything.
 "Hello, Atomicjoy!  Welcome again to Holmavik's general store!"
 You stop.  Your housecat is in the way!
 You do not owe Holmavik anything.
 You swap places with your housecat.
 "Hello, Atomicjoy!  Welcome again to Holmavik's general store!"
 The housecat picks up a light green spellbook.
 The housecat drops a light green spellbook.
 You see here a light green spellbook.
 You hear the splashing of a naiad.
 What do you want to read? [i-kptuDEHLO or ?*] ?
 A cloud of darkness falls upon you.
 The spellbook crumbles to dust!
 Call a ragged spellbook: 
 You can move again.
 Really quit without saving? [yn] (n) y
 Do you want your possessions identified? [ynq] (y) q

Inventory:
 Coins    ('$')
  $ - 51 gold pieces
 Amulets  ('"')
  C - an uncursed amulet versus poison
 Weapons  (')')
  w - a +0 orcish dagger
  M - a cursed -2 orcish dagger
  a - a blessed +1 quarterstaff (weapon in hands)
 Armor    ('[')
  x - an uncursed +0 orcish helm (being worn)
  F - a cursed +0 pair of low boots
  z - an uncursed +0 alchemy smock with text "Don't make me poison you"
  b - an uncursed +0 cloak of magic resistance (being worn)
 Comestibles  ('%')
  B - 4 uncursed food rations
  G - an uncursed partly eaten food ration
  s - 4 uncursed lembas wafers
  Q - an uncursed tripe ration
  J - a cursed rotten tin of newt meat
  K - 2 uncursed lichen corpses
 Scrolls  ('?')
  O - a blessed scroll of amnesia
  D - a cursed scroll of create monster
  i - an uncursed scroll of destroy armor
  H - an uncursed scroll of enchant armor
  t - an uncursed scroll of enchant weapon
  p - an uncursed scroll of food detection
  u - 2 uncursed scrolls of identify
  E - an uncursed scroll of magic mapping
  k - an uncursed scroll of remove curse
  j - an uncursed scroll of teleportation
 Potions  ('!')
  f - a blessed potion of extra healing
  S - an uncursed potion of gain level
  q - 2 blessed potions of healing
  r - an uncursed potion of healing
  T - an uncursed potion of paralysis
  h - an uncursed potion of see invisible
  g - an uncursed potion of water
 Rings    ('=')
  e - an uncursed ring of see invisible
  d - an uncursed ring of teleportation
 Wands    ('/')
  v - a wand of digging (0:6)
  I - a wand of magic missile (0:4)
  c - a wand of opening (0:6)
 Tools    ('(')
  y - a cursed bag of tricks (0:4)
  o - an uncursed leather drum
  n - a magic marker (0:21)
  A - an uncursed tin whistle
  N - an uncursed tin whistle

Atomicjoy the Wizard's attributes:

Background:
 You were an Evoker, a level 1 male elven Wizard.
 You were chaotic, on a mission for Anhur
 who was opposed by Ptah (lawful) and Thoth (neutral).
 You were right-handed.
 You were in the Dungeons of Doom, on level 5.
 You entered the dungeon 1396 turns ago.
 You had 17 experience points, 3 more were needed to attain level 2.

Basics:
 You had all 17 hit points.
 You had 4 out of 8 energy points (spell power).
 Your armor class was 8.
 Your wallet contained 51 zorkmids.
 Autopickup was off.

Final Characteristics:
 Your strength was 10 (limit:18).
 Your dexterity was 13 (limit:18).
 Your constitution was 15 (limit:16).
 Your intelligence was 19 (limit:20).
 Your wisdom was 9 (limit:20).
 Your charisma was 10 (limit:18).

Final Status:
 You were temporarily blind.
 You weren't hungry.
 You were unencumbered.
 You were wielding a quarterstaff.
 You had basic skill with quarterstaff.

Final Attributes:
 You were devoutly aligned.
 You were magic-protected.
 You had infravision.
 You were warded.
 You survived.

Miscellaneous:
 You didn't encounter any bones levels.
 Total elapsed playing time was 15 minutes and 58 seconds.

Major events:
 Turn
    1: Atomicjoy the chaotic male elven Wizard entered the dungeon
  357: entered the Gnomish Mines
 1396: quit

Spells:
 Name                 Level Category     Fail Retention
 force bolt             1   attack         0%  91%-100%
 jumping                1   escape         0%  76%-100%

Skills:
 Fighting Skills
   bare handed combat [Unskilled]
   riding             [Unskilled]
 Weapon Skills
   dagger             [Unskilled]
   knife              [Unskilled]
   axe                [Unskilled]
   short sword        [Unskilled]
   club               [Unskilled]
   mace               [Unskilled]
   quarterstaff       [Basic]
   polearms           [Unskilled]
   spear              [Unskilled]
   trident            [Unskilled]
   sling              [Unskilled]
   dart               [Unskilled]
   shuriken           [Unskilled]
 Spellcasting Skills
   attack spells      [Basic]
   healing spells     [Unskilled]
   divination spells  [Unskilled]
   enchantment spells [Basic]
   clerical spells    [Unskilled]
   escape spells      [Unskilled]
   matter spells      [Unskilled]

Voluntary challenges:
 Character rerolling was not enabled.
 You never genocided any monsters.
 You never polymorphed an object.
 You never changed form.
 You used no wishes.
Achievements:
 You entered the Gnomish Mines.
 You entered a shop.

 The Dungeons of Doom: levels 1 to 5
    Level 1:
       A fountain, a sink.
    Level 2:
       Stairs down to The Gnomish Mines.
    Level 3:
       A fountain.
    Level 4:
       A fountain.
    Level 5: <- You were here.
       A general store.
 The Gnomish Mines:
    Level 3:


Vanquished creatures:
  a coyote
  a large kobold
  a cave spider
  2 yellow molds
  a red mold
  a gnome zombie
  a gecko
  3 jackals
  a fox
  2 goblins
  2 sewer rats
  3 grid bugs
  4 lichens
  6 newts
29 creatures vanquished.

No species were genocided or became extinct.

Goodbye Atomicjoy the Wizard...

You quit in The Dungeons of Doom on dungeon level 5 with 319 points,
and 51 pieces of gold, after 1396 moves.
You were level 1 with a maximum of 17 hit points when you quit.

